 Dungeon Crawl Stone Soup version 0.30-b1-2-g02819fbbbe (webtiles) character file.

Game seed: 347900089017437009

123 raph the Sneak (level 4, -6/21 HPs)
             Began as a Spriggan Enchanter on Jan 6, 2024.
             Mangled by a wraith (14 damage)
             ... in an ossuary.
             The game lasted 00:04:39 (3691 turns).

raph the Sneak (Spriggan Enchanter)                 Turns: 3691, Time: 00:04:39

Health: -6/21      AC:  2    Str:  4    XL:     4   Next: 80%
Magic:  6/9        EV: 17    Int: 16    God:
Gold:   185        SH:  5    Dex: 17    Spells: 0/8 levels left

rFire   . . .        a - +4 dagger
rCold   . . .        (no shield)
rNeg    . . .        b - +0 robe
rPois   .            (helmet restricted)
rElec   .            (no cloak)
rCorr   .            (gloves unavailable)
SInv    +            (boots unavailable)
Will    .....        d - amulet of reflection
Stlth   +++          (no ring)
HPRegen 0.23/turn    (no ring)
MPRegen 0.11/turn

%: reflection
@: confusing by touch, slowed, invisible, quick
A: very small, no large weapons, unfitting armour, see invisible, speed 3
a: no special abilities


You were in an ossuary.
You visited 1 branch of the dungeon, and saw 4 of its levels.
You also visited: Ossuary.

You collected 185 gold pieces.

Inventory:

Hand Weapons
 a - a +4 dagger (weapon)
 k - a +0 dagger of protection
Missiles
 g - 5 poisoned darts (quivered)
Armour
 b - a +0 robe (worn)
Jewellery
 d - an amulet of reflection (around neck)
Scrolls
 e - 3 scrolls of teleportation
Potions
 f - 4 potions of curing {unknown}
 h - a potion of attraction {unknown}
 i - 2 potions of resistance {unknown}
 j - 2 potions of ambrosia {unknown}
 n - a potion of might {unknown}
 o - a potion of heal wounds {unknown}
 p - a potion of flight {unknown}


   Skills:
 + Level 2.8 Short Blades
 - Level 2.6 Dodging
 * Level 6.5 Stealth
 - Level 2.6 Spellcasting
 + Level 4.7 Hexes


You couldn't memorise any spells.
You knew the following spells:

 Your Spells              Type           Power      Damage    Failure   Level
a - Ensorcelled Hibernat  Hex/Ice        18%        N/A       11%         2
b - Confusing Touch       Hex            17%        N/A       9%          3
c - Tukima's Dance        Hex            17%        N/A       9%          3

Your spell library contained the following spells:

 Spells                   Type           Power      Damage    Failure   Level
 Dazzling Flash           Conj/Hex       18%        N/A       22%         3


Dungeon Overview and Level Annotations

Branches:
Dungeon (4/15)            Ossuary (1/1)
 Temple: D:4-7

Altars:
Uskayaw
The Shining One


Innate Abilities, Weirdness & Mutations

You are very small and have problems with some larger weapons.
You are too small for most types of armour.
You have supernaturally acute eyesight. (SInv)
You cover ground extremely quickly. (Speed+++)


Message History

Your magical contamination has completely faded away.
You start resting.
Magic restored.
You start waiting.
A gnoll skeleton comes into view.
A gnoll skeleton is nearby!
Casting: Confusing Touch (quite dangerous; 9% risk of failure)
Confirm with . or Enter, or press ? or * to list all spells.
Your hands begin to glow red.
You hit the gnoll skeleton but do no damage.
You punch the gnoll skeleton.
The gnoll skeleton is moderately damaged.
The gnoll skeleton closely misses you.
You hit the gnoll skeleton but do no damage.
The gnoll skeleton appears confused.
The gnoll skeleton is moderately damaged.
You strike the helpless gnoll skeleton from behind!
You impale the gnoll skeleton!!
You destroy the gnoll skeleton!
You start resting.
Magic restored.
You open the door.
There is an open door here.
You open the door.
A wraith comes into view.
Found seven items.
Casting: Confusing Touch (quite dangerous; 9% risk of failure)
Confirm with . or Enter, or press ? or * to list all spells.
Your hands begin to glow red.
You fade into invisibility!
You hit the wraith but do no damage. The wraith hits you.
The wraith drains your vigour!
You feel yourself slow down.
You hit the wraith but do no damage. The wraith hits you!
Ouch! That really hurt!
You hit the wraith but do no damage. The wraith misses you.
You hit the wraith but do no damage. The wraith closely misses you.
The wraith hits you but does no damage.
You closely miss the wraith. The wraith hits you!
Ouch! That really hurt!
You die...

######################
#.....................
#.∩...................
#.......#####'#####...
#......##....@....# .
#.....##...##W##...#
#....##... ... ...#
#....#... ..!.. ...
#....+.. .?!?... ..
#....#...##.??!.##...
#....##...##...##...#
#.....##...#####...#
#......##.........#


You could see a wraith.

Vanquished Creatures
  An orc wizard (D:3)
  A mummy (Ossuary)
  2 adders (D:3)
  4 orcs
  4 ball pythons
  3 endoplasms
  2 giant cockroaches
  4 goblins
  4 hobgoblins
  2 jackals (D:3)
  3 kobolds
  4 quokkas
  5 bats
  4 frilled lizards
  7 gnoll skeletons (Ossuary)
  4 kobold skeletons (Ossuary)
  10 orc skeletons (Ossuary)
  3 rats
67 creatures vanquished.

Notes
Turn   | Place    | Note
-------+----------+-------------------------------------------
     0 | D:1      | raph the Spriggan Enchanter began the quest for the Orb.
     0 | D:1      | Reached XP level 1. HP: 9/9 MP: 5/5
     2 | D:1      | Noticed an ogre
     2 | D:1      | Noticed a naga
     4 | D:1      | Noticed a spriggan
     4 | D:1      | Noticed an elf
     6 | D:1      | Noticed a troll
     6 | D:1      | Noticed a demonspawn
     8 | D:1      | Noticed a vine stalker
     8 | D:1      | Noticed a gargoyle
    10 | D:1      | Noticed a formicid
    12 | D:1      | Noticed a meteoran
    12 | D:1      | Noticed a minotaur
    14 | D:1      | Noticed a vampire
    14 | D:1      | Noticed an octopode
    16 | D:1      | Noticed an armataur
    16 | D:1      | Noticed a tengu
    18 | D:1      | Noticed a human
    18 | D:1      | Noticed a felid
    20 | D:1      | Noticed a ghoul
    20 | D:1      | Noticed a demigod
    22 | D:1      | Noticed a merfolk
    24 | D:1      | Noticed a spriggan
    26 | D:1      | Noticed a spriggan
   412 | D:1      | Reached XP level 2. HP: 12/13 MP: 6/6
   831 | D:2      | Found a hide-covered altar of Uskayaw.
   883 | D:2      | Reached skill level 5 in Stealth
   912 | D:2      | Learned a level 2 spell: Ensorcelled Hibernation
   964 | D:2      | Found a faded altar of an unknown god.
  1173 | D:2      | Reached XP level 3. HP: 16/16 MP: 8/8
  1203 | D:2      | Learned a level 3 spell: Confusing Touch
  1817 | D:3      | Found a glowing golden altar of the Shining One.
  2334 | D:3      | Reached skill level 6 in Stealth
  2334 | D:3      | Reached XP level 4. HP: 17/21 MP: 2/9
  2936 | D:3      | Learned a level 3 spell: Tukima's Dance
  2969 | D:4      | Found a sand-covered staircase.
  2978 | Ossuary  | Entered an ossuary
  2978 | Ossuary  | Noticed a wraith
  2978 | Ossuary  | Noticed a wraith
  2978 | Ossuary  | Noticed a wraith
  3684 | Ossuary  | Noticed a wraith
  3691 | Ossuary  | Mangled by a wraith

Illustrated notes

Levels and vault maps discovered:
D:1:      kb_arrival_jail, layout_basic
D:2:      layout_loops_ring, hellmonk_ecumenical_altar_lost_god, basic_altar
D:3:      layout_basic, tso_metal_star
D:4:      layout_rooms, mainiacjoe_overflow_big_doors,
          minmay_temple_entry_drinking_statues,
          lightli_ossuary_entry_decrepit_ruins
Ossuary:  ossuary_due_mausoleum

Skill      XL: |  1  2  3 |
---------------+----------+-----
Hexes          | 4 |  4.7
Stealth        | 5 6 |  6.5
Short Blades   | 2 |  2.8
Dodging        | |  2.6
Spellcasting   | |  2.6

Action                     |  1- 3 |  4- 6 || total
---------------------------+-------+-------++-------
  Melee: Dagger            |   101 |    80 ||   181
         Punch             |       |     1 ||     1
   Cast: Ensorcelled Hiber |    10 |     6 ||    16
         Confusing Touch   |       |     8 ||     8
    Use: Scroll            |     6 |     4 ||    10
         Potion            |     1 |     1 ||     2
   Stab: Sleeping          |    21 |     3 ||    24
         Confused          |       |     3 ||     3
         Distracted        |       |     1 ||     1
 Armour: Robe              |    11 |    12 ||    23
  Dodge: Dodged            |    61 |    42 ||   103
  Block: Other             |       |    15 ||    15
